 Dungeon Crawl Stone Soup version 0.21.0-3-g78d12a8 (webtiles) character file.

72 tidbits the Gusty (level 4, 1/32 HPs)
             Began as a Gnoll Air Elementalist on Jan 11, 2018.
             Quit the game on level 4 of the Dungeon.
             The game lasted 00:08:54 (1117 turns).

tidbits the Gusty (Gnoll Air Elementalist)          Turns: 1117, Time: 00:08:54

Health: 1/32       AC:  5    Str: 11    XL:     4   Next: 26%
Magic:  11/11      EV: 15    Int: 18    God:
Gold:   152        SH:  0    Dex: 15    Spells: 12/13 levels left

rFire    . . .     SeeInvis .   d - +0 dagger (speed)
rCold    . . .     Gourm    .   (no shield)
rNeg     . . .     Faith    .   a - +0 robe
rPois    .         Spirit   .   (no helmet)
rElec    .         Reflect  .   (no cloak)
rCorr    .         Harm     .   (no gloves)
MR       .....                  F - +2 pair of boots {run}
Stlth    ++++......             (no amulet)
HPRegen  0.10/turn              t - ring of stealth
MPRegen  0.12/turn              (no ring)

@: slowed, very slow
A: distributed training, fangs 1, strong nose
a: no special abilities


You were on level 4 of the Dungeon.
You were not hungry.

You visited 1 branch of the dungeon, and saw 4 of its levels.

You collected 152 gold pieces.

Inventory:

Hand Weapons
 d - a +0 dagger of speed (weapon)
   (You found it on level 1 of the Dungeon)
 r - a +0 halberd
Missiles
 h - 2 tomahawks (quivered)
 l - 15 arrows
Armour
 a - a +0 robe (worn)
 F - a +2 pair of boots of running (worn)
   (You found it on level 2 of the Dungeon)
Jewellery
 f - an uncursed ring of ice
   (You found it on level 1 of the Dungeon)
 t - a ring of stealth (left hand)
   (You found it on level 3 of the Dungeon)
Scrolls
 i - a scroll of enchant weapon {unknown}
 n - 2 scrolls of remove curse
 p - 2 scrolls of enchant armour
 q - 3 scrolls of identify
 v - a scroll of immolation {unknown}
Potions
 e - a potion of resistance {unknown}
 g - a potion of heal wounds {unknown}
 j - a potion of magic
 k - a potion of haste {unknown}
 m - a potion of might {unknown}
 o - a potion of curing {unknown}
 s - a potion of mutation {unknown}
 u - a potion of berserk rage {unknown}
Books
 b - a book of Air

   Spells                             Type                      Level
   a - Shock                          Conjuration/Air              1
   b - Swiftness                      Charms/Air                   2
   c - Static Discharge               Conjuration/Air              3
   d - Airstrike                      Air                          4
   e - Lightning Bolt                 Conjuration/Air              5
Comestibles
 c - 4 rations


   Skills:
 + Level 1.0 Fighting
 + Level 1.0 Short Blades
 + Level 1.0 Long Blades
 + Level 1.0 Axes
 + Level 1.0 Maces & Flails
 + Level 1.0 Polearms
 + Level 1.0 Staves
 + Level 1.0 Slings
 + Level 1.0 Bows
 + Level 1.0 Crossbows
 + Level 1.0 Throwing
 + Level 1.0 Armour
 + Level 4.6 Dodging
 + Level 4.2 Stealth
 + Level 1.0 Shields
 + Level 1.0 Unarmed Combat
 + Level 5.0 Spellcasting
 + Level 2.2 Conjurations
 + Level 0.8 Hexes
 + Level 0.8 Charms
 + Level 0.8 Summonings
 + Level 0.8 Necromancy
 + Level 0.8 Translocations
 + Level 0.8 Transmutations
 + Level 0.8 Fire Magic
 + Level 0.8 Ice Magic
 + Level 5.4 Air Magic
 + Level 0.8 Earth Magic
 + Level 0.8 Poison Magic
 + Level 1.1 Invocations
 + Level 1.0 Evocations


You had 12 spell levels left.
You knew the following spells:

 Your Spells              Type           Power        Failure   Level  Hunger
a - Shock                 Conj/Air       ###.         2%          1    None


Dungeon Overview and Level Annotations

Branches:
Dungeon (4/15)
 Temple: D:4-7

Altars:
Fedhas
Hepliaklqana


Innate Abilities, Weirdness & Mutations

Your experience applies equally to all skills.
You have very sharp teeth.
Your uncanny sense of smell can sniff out nearby items.


Message History

Okay, then.
The orc barely misses you.
Casting: Shock
Confirm with . or Enter, or press ? or * to list all spells.
Aiming: Shock
Press: ? - help, Shift-Dir - straight line The zap hits the orc.
The orc is severely wounded.
The zap hits the orc.
You kill the orc!
There is an open door here.
Things that are here:
a club; a ring mail; an orc corpse You open the door.
There is an open door here.
You open the door.
There is an open door here.
You open the door.
There is an open door here.
You open the door.
An orc wizard comes into view. It is wielding a dagger.
The orc wizard shouts!
The orc wizard mumbles some strange words.
The orc wizard blinks!
You hear a shout!
Casting: Shock
Confirm with . or Enter, or press ? or * to list all spells.
You can't see any susceptible monsters within range! (Use Z to cast anyway.)
An orc warrior comes into view. It is wielding a battleaxe.
There is an open door here.
There is an open door here.
You open the door.
Found a blossoming altar of Fedhas and a hazy altar of Hepliaklqana.
There is an open door here.
Okay, then.
As you read the scroll labeled RUFARU ZEOLU, it crumbles to dust.
It is a scroll of identify.
p - 2 scrolls of enchant armour
As you read the scroll labeled XUUBLY XITWOAL, it crumbles to dust.
You feel blessed for a moment.
It was a scroll of remove curse.
As you read the scroll labeled BOQ GOGHOIWKU, it crumbles to dust.
Your +0 dagger of speed glows pulsating white for a moment.
It was a scroll of random uselessness.
The orc warrior misses you. The orc warrior closely misses you.
The orc wizard mumbles some strange words.
The orc wizard blinks!
The orc wizard casts a spell.
The orc wizard seems to speed up.
There is an open door here.
The orc wizard mumbles some strange words.
The orc wizard blinks!
Found a scroll labeled ZAJOPI KA SEFA.
You see here a scroll labeled UKHENA ELEMP.
i - a scroll labeled UKHENA ELEMP The orc wizard casts a spell at you.
You feel yourself slow down.
The orc wizard gestures wildly while chanting.
The orc wizard blinks!
You see here a scroll labeled ZAJOPI KA SEFA.
v - a scroll labeled ZAJOPI KA SEFA The orc wizard gestures at you while chanting.
The magic dart hits you! The orc warrior closely misses you.
The orc wizard mumbles some strange words.
The orc wizard blinks!
The orc warrior closely misses you. The orc wizard casts a spell at you.
The magic dart hits you!
Casting: Shock
Confirm with . or Enter, or press ? or * to list all spells.
Aiming: Shock
Press: ? - help, Shift-Dir - straight line
Okay, then.
Casting: Shock
Confirm with . or Enter, or press ? or * to list all spells.
Aiming: Shock
Press: ? - help, Shift-Dir - straight line, f - orc wizard
Aim: an orc wizard, wielding a dagger and wearing a robe (fast)
The zap hits the orc warrior.
The orc warrior is lightly wounded.
The zap misses the orc wizard.
The orc warrior misses you.
Casting: Shock
Confirm with . or Enter, or press ? or * to list all spells.
Aiming: Shock
Press: ? - help, Shift-Dir - straight line, f/p - orc wizard
Aim: an orc wizard, wielding a dagger and wearing a robe (fast)
The zap hits the orc warrior.
The orc warrior appears unharmed.
The orc warrior is lightly wounded.
The zap hits the orc wizard.
The orc wizard is heavily wounded.
The orc warrior hits you with a battleaxe!
The orc wizard points at you and mumbles some strange words.
The magic dart hits you!
It was a potion of magic.
Magic courses through your body. The orc wizard closely misses you.
The orc warrior misses you.
The orc wizard mumbles some strange words.
The orc wizard blinks!
The orc warrior hits you with a battleaxe!
Ouch! That really hurt!
* * * LOW HITPOINT WARNING * * *
Are you sure you want to abandon this character and quit the game? (Confirm with "yes".)

############ .....o.....#
...........#############
.......@o.........#.....
........ยง.........#.....
..................#.....
#+######+##.......###'##
#.............
+.............
#.............
######............. #
##....#...).........


You could see an orc warrior and an orc wizard.

Vanquished Creatures
  2 adders (D:2)
  3 worms (D:2)
  A dart slug (D:3)
  A leopard gecko (D:2)
  An orc (D:4)
  3 bats
  3 giant cockroaches
  6 goblins
  6 hobgoblins
  3 kobolds
  A quokka (D:2)
  7 frilled lizards
  6 rats
43 creatures vanquished.

Notes
Turn   | Place    | Note
-------+----------+-------------------------------------------
     0 | D:1      | tidbits the Gnoll Air Elementalist began the quest for the Orb.
     0 | D:1      | Reached XP level 1. HP: 13/13 MP: 6/6
     3 | D:1      | Noticed an electric eel
     3 | D:1      | Noticed an electric eel
   181 | D:1      | Reached skill level 2 in Conjurations
   220 | D:2      | Reached XP level 2. HP: 19/19 MP: 5/7
   338 | D:2      | Reached skill level 5 in Spellcasting
   338 | D:2      | Reached XP level 3. HP: 25/25 MP: 3/9
   438 | D:2      | Reached skill level 1 in Invocations
   460 | D:2      | Identified a +2 pair of boots of running (You found it on level 2 of the Dungeon)
   572 | D:1      | Reached skill level 1 in Fighting
   572 | D:1      | Reached skill level 1 in Short Blades
   572 | D:1      | Reached skill level 1 in Long Blades
   572 | D:1      | Reached skill level 1 in Axes
   572 | D:1      | Reached skill level 1 in Maces & Flails
   572 | D:1      | Reached skill level 1 in Polearms
   572 | D:1      | Reached skill level 1 in Staves
   572 | D:1      | Reached skill level 1 in Slings
   572 | D:1      | Reached skill level 1 in Bows
   572 | D:1      | Reached skill level 1 in Crossbows
   572 | D:1      | Reached skill level 1 in Throwing
   572 | D:1      | Reached skill level 1 in Armour
   572 | D:1      | Reached skill level 1 in Shields
   572 | D:1      | Reached skill level 1 in Unarmed Combat
   572 | D:1      | Reached skill level 1 in Evocations
   706 | D:3      | Reached XP level 4. HP: 30/32 MP: 8/11
  1064 | D:4      | Noticed an orc warrior
  1076 | D:4      | Found a blossoming altar of Fedhas.
  1076 | D:4      | Found a hazy altar of Hepliaklqana.
  1116 | D:4      | HP: 1/32 [orc warrior/battleaxe (16)]
  1117 | D:4      | Quit the game

Skill      XL: |  1  2  3 |
---------------+----------+-----
Conjurations   | 2 |  2.2
Spellcasting   | 5 |  5.0
Invocations    | 1 |  1.1
Fighting       | 1 |  1.0
Short Blades   | 1 |  1.0
Long Blades    | 1 |  1.0
Axes           | 1 |  1.0
Maces & Flails | 1 |  1.0
Polearms       | 1 |  1.0
Staves         | 1 |  1.0
Slings         | 1 |  1.0
Bows           | 1 |  1.0
Crossbows      | 1 |  1.0
Throwing       | 1 |  1.0
Armour         | 1 |  1.0
Shields        | 1 |  1.0
Unarmed Combat | 1 |  1.0
Evocations     | 1 |  1.0
Dodging        | |  4.6
Stealth        | |  4.2
Hexes          | |  0.8
Charms         | |  0.8
Summonings     | |  0.8
Necromancy     | |  0.8
Translocations | |  0.8
Transmutations | |  0.8
Fire Magic     | |  0.8
Ice Magic      | |  0.8
Air Magic      | |  5.4
Earth Magic    | |  0.8
Poison Magic   | |  0.8

Action                   |  1- 3 |  4- 6 || total
-------------------------+-------+-------++-------
Melee: Dagger            |    26 |    14 ||    40
       Bite              |     1 |     1 ||     2
 Cast: Shock             |    36 |    11 ||    47
  Use: Scroll            |       |     3 ||     3
       Potion            |       |     1 ||     1
 Stab: Sleeping          |     7 |     1 ||     8
Armor: Robe              |     2 |     4 ||     6
Dodge: Dodged            |    11 |    13 ||    24

Table legend:
 A = Turns spent in this place as a percentage of turns spent in the entire game.
 B = Non-inter-level travel turns spent in this place as a percentage of non-inter-level travel turns spent in the entire game.
 C = Inter-level travel turns spent in this place as a percentage of turns spent in this place.
 D = Turns resting spent in this place as a percentage of non-inter-level travel turns spent in this place.
 E = Turns spent auto-exploring this place as a percentage of non-inter-level travel turns spent in this place.
 F = Non-inter-level travel turns spent in this place divided by the number of levels of this place that you've seen.
                   A       B       C       D       E      F
               +-------+-------+-------+-------+-------+----------------------
         Total | 100.0 | 100.0 |   7.9 |   0.0 |   0.0 | 257.2
       Dungeon | 100.0 | 100.0 |   7.9 |   0.0 |   0.0 | 257.2
               +-------+-------+-------+-------+-------+----------------------

Table legend:
 A = Kills in this place as a percentage of kills in entire the game.
 B = Kills by you in this place as a percentage of kills by you in the entire game.
 C = Kills by friends in this place as a percentage of kills by friends in the entire game.
 D = Other kills in this place as a percentage of other kills in the entire game.
 E = Experience gained in this place as a percentage of experience gained in the entire game.
 F = Experience gained in this place divided by the number of levels of this place that you have seen.
                   A       B       C       D       E      F
               +-------+-------+-------+-------+-------+----------------------
         Total | 100.0 | 100.0 |   N/A |   N/A | 100.0 |  26.0
       Dungeon | 100.0 | 100.0 |   N/A |   N/A | 100.0 |  26.0
               +-------+-------+-------+-------+-------+----------------------

Vault maps used:
D:1:      arrival_aquarium_b, serial_bayou_crossing
D:2:      first_ration, grunt_ministairs_13, st_stairs_11
D:3:      uniq_grinder
D:4:      kennysheep_big_flooded_room, gammafunk_temple_overflow_statue,
          temple_doors_e, minmay_misc_feat_diagonals
